Marlies vs Heat
(R1)
Created - May 28, 2022 at 21:09
Goals
|
| Marlies |
0 |
3 |
0 |
3 |
| Heat |
0 |
1 |
0 |
1 |
|
Shots
|
| Marlies |
11 |
21 |
5 |
37 |
| Heat |
9 |
10 |
12 |
31 |
|
1st period
No Goal
Penalties :
Aleksi Saarela (Tor) for Interference (Minor) at 9:49, Dennis Gilbert (Tor) for Slashing (Minor) at 15:16
2nd period
1. Heat , Brandon Hickey 1 (Kevin Labanc 61, Matthew Nieto 47) at 6:40 (PP)
2. Marlies , Tyler Bertuzzi 41 (Dennis Gilbert 5, JT Compher 33) at 15:22
3. Marlies , Nick Ritchie 59 (Nicholas Baptiste 48, Haydn Fleury 30) at 17:45 (PP)
4. Marlies , Logan Brown 13 (Brett Pesce 39, Tyler Benson 8) at 19:18
Penalties :
Brett Pesce (Tor) for Holding Stick (Minor) at 6:24, Philip Varone (Sto) for Holding (Minor) at 11:28, Jake DeBrusk (Sto) for Roughing (Minor) at 16:07
3rd period
No Goal
Penalties :
Neal Pionk (Tor) for Hooking (Minor) at 2:04, Jeff Corbett (Tor) for Roughing (Minor) at 16:04
Goalie Stats
Malcolm Subban (Tor), 30 saves from 31 shots - (0.968), W, 26-14-6, 60:00 minutes
Michael Hutchinson (Sto), 34 saves from 37 shots - (0.919), L, 29-20-7, 60:00 minutes
Players Stats for Marlies
Player Name G A P +/- PIM S H SB GA TA FO MP PP MP PK MP
------------------------------------------------------------------------------------
Aleksi Saarela 0 0 0 1 2 2 1 0 1 1 3/15 19:25 0:49 2:45
Brett Pesce 0 1 1 1 2 1 0 2 0 0 0/0 21:53 0:38 3:51
Colton Sissons 0 0 0 0 0 2 4 2 0 0 10/14 17:46 2:48 3:46
Dennis Gilbert 0 1 1 1 2 1 0 0 0 0 0/0 11:32 0:00 0:00
Haydn Fleury 0 1 1 0 0 3 4 4 0 1 0/0 27:02 2:59 4:30
Jeff Corbett 0 0 0 1 2 1 2 1 0 2 0/0 20:41 0:38 2:42
Johan Larsson 0 0 0 0 0 2 0 1 1 0 1/1 11:41 0:00 1:17
JT Compher 0 1 1 1 0 6 0 1 0 0 0/1 15:01 0:00 0:00
Linden Vey 0 0 0 0 0 2 1 0 2 1 1/1 14:19 0:49 2:44
Logan Brown 1 0 1 1 0 2 0 0 0 0 2/2 8:40 0:00 0:13
Lucas Carlsson 0 0 0 1 0 0 1 0 0 1 0/0 13:30 0:00 2:17
Mathieu Olivier 0 0 0 1 0 0 0 2 0 0 0/0 7:57 0:00 0:00
Neal Pionk 0 0 0 0 2 4 0 1 1 0 0/0 25:58 2:59 3:04
Nicholas Baptiste 0 1 1 0 0 2 0 0 0 0 0/1 16:25 2:48 0:00
Nick Ritchie 1 0 1 0 0 2 2 0 1 0 1/1 16:34 2:48 0:14
Pavel Zacha 0 0 0 0 0 2 1 0 1 0 5/19 14:35 0:00 1:11
Tyler Benson 0 1 1 1 0 1 1 1 1 0 0/1 7:57 0:00 0:00
Tyler Bertuzzi 1 0 1 1 0 4 4 0 0 1 0/0 20:47 0:49 4:14
Players Stats for Heat
Player Name G A P +/- PIM S H SB GA TA FO MP PP MP PK MP
------------------------------------------------------------------------------------
Barclay Goodrow 0 0 0 0 0 2 0 0 0 0 0/0 10:53 0:03 0:00
Brandon Hickey 1 0 1 -1 0 3 0 0 0 1 0/0 25:17 4:49 1:55
Dominik Masin 0 0 0 0 0 2 0 2 0 1 0/0 20:03 3:23 1:42
Eric Karlsson 0 0 0 -1 0 0 4 1 0 0 1/1 9:57 0:03 1:50
Evgeny Svechnikov 0 0 0 0 0 2 2 0 1 0 0/0 17:19 3:11 0:00
Frank Corrado 0 0 0 -1 0 2 1 2 1 1 0/0 27:41 4:49 1:55
Jake DeBrusk 0 0 0 0 2 4 2 0 1 0 0/0 18:03 3:11 1:09
Jesper Bratt 0 0 0 -1 0 0 0 0 0 0 0/0 7:48 0:00 0:00
John Gilmour 0 0 0 -1 0 0 0 0 0 0 0/0 12:16 0:00 0:00
Kevin Labanc 0 1 1 -1 0 6 2 0 1 0 0/1 20:17 4:58 0:00
Mathieu Brodeur 0 0 0 0 0 0 0 1 0 2 0/0 20:03 3:23 1:42
Matthew Nieto 0 1 1 -1 0 1 3 0 2 1 0/0 20:57 4:58 0:09
Nico Sturm 0 0 0 0 0 1 0 0 0 0 1/2 1:14 0:00 0:00
Peter Cehlarik 0 0 0 0 0 1 3 0 0 0 1/3 13:27 0:00 1:19
Petteri Lindbohm 0 0 0 -1 0 1 0 1 0 0 0/0 14:40 0:00 0:00
Philip Varone 0 0 0 -2 2 4 5 0 0 2 14/23 22:29 3:11 0:43
Ryan Spooner 0 0 0 0 0 1 1 2 1 0 5/6 15:10 0:03 1:53
Victor Rask 0 0 0 0 0 1 1 0 0 0 11/20 18:47 4:58 0:11
3 Stars
1 - Malcolm Subban (Tor)
2 - Tyler Bertuzzi (Tor)
3 - Logan Brown (Tor)
Power Play
Marlies - 1 on 2 Attempt(s) - 50.00%
Heat - 1 on 5 Attempt(s) - 20.00%
Penalty Kill
Marlies - 4 on 5 Attempt(s) - 80.00%
- Score 0 goal in Penalty Kill
Heat - 1 on 2 Attempt(s) - 50.00%
- Score 0 goal in Penalty Kill
Team Stat
Marlies - Hits : 21 - Faceoff Wins : 23 - Blocked Shots : 15 - Penalty Minutes : 10
Heat - Hits : 24 - Faceoff Wins : 33 - Blocked Shots : 9 - Penalty Minutes : 4
Official
Referees : Francis Charron and Corey Syvret
Linesman : Ryan Daisy and Libor Suchanek
Game Notes
Nico Sturm is injured at 9:01 of 1st period (Back Spasms)
13:52 of 2nd period - Marlies goal is going for a video replay. After video review, No Goal. The attacking player has interfered with a goalkeeper in his goal crease.
Finance
Level 1 -- Attendance: 1840 (92.00%) -- Ticket Income $64,400
Level 2 -- Attendance: 950 (95.00%) -- Ticket Income $14,250
Total Attendance: 2790 (93.00%)
Total Ticket Income: $78,650
Other Income: $3,932
Total Income: $82,582
Marlies
5 vs 5 Forward
Center Left Wing Right Wing Time % Phy DF OF
1 Pavel Zacha Nick Ritchie Nicholas Baptiste 40 1 2 2
2 Aleksi Saarela Tyler Bertuzzi JT Compher 30 1 2 2
3 Colton Sissons Johan Larsson Linden Vey 20 1 2 2
4 Logan Brown Tyler Benson Mathieu Olivier 10 1 2 2
5 vs 5 Defense
Defense Defense Time % Phy DF OF
1 Haydn Fleury Neal Pionk 40 1 2 2
2 Brett Pesce Jeff Corbett 30 1 2 2
3 Dennis Gilbert Lucas Carlsson 20 1 2 2
4 Neal Pionk Haydn Fleury 10 1 2 2
PowerPlay Forward
Center Left Wing Right Wing Time % Phy DF OF
1 Colton Sissons Nick Ritchie Nicholas Baptiste 60 1 2 2
2 Aleksi Saarela Tyler Bertuzzi Linden Vey 40 1 2 2
PowerPlay Defense
Defense Defense Time % Phy DF OF
1 Haydn Fleury Neal Pionk 60 1 2 2
2 Brett Pesce Jeff Corbett 40 1 2 2
Penalty Kill 4 Players Forward
Center Wing Time % Phy DF OF
1 Colton Sissons Tyler Bertuzzi 60 1 2 2
2 Aleksi Saarela Linden Vey 40 1 2 2
Penalty Kill 4 Players Defense
Defense Defense Time % Phy DF OF
1 Haydn Fleury Neal Pionk 60 1 2 2
2 Brett Pesce Jeff Corbett 40 1 2 2
Penalty Kill - 3 Players Forward
Forward Time % Phy DF OF
1 Tyler Bertuzzi 60 1 2 2
2 Colton Sissons 40 1 2 2
Penalty Kill - 3 Players Defense
Defense Defense Time % Phy DF OF
1 Haydn Fleury Neal Pionk 60 1 2 2
2 Brett Pesce Jeff Corbett 40 1 2 2
4 vs 4 Forward
Center Wing Time % Phy DF OF
1 Colton Sissons Nick Ritchie 60 1 2 2
2 Aleksi Saarela Tyler Bertuzzi 40 1 2 2
4 vs 4 Defense
Defense Defense Time % Phy DF OF
1 Haydn Fleury Neal Pionk 60 1 2 2
2 Brett Pesce Jeff Corbett 40 1 2 2
Last Minutes Offensive
Center Left Wing Right Wing Defense Defense
Colton Sissons Nick Ritchie Nicholas Baptiste Haydn Fleury Neal Pionk
Last Minutes Defensive
Center Left Wing Right Wing Defense Defense
Colton Sissons Tyler Bertuzzi Linden Vey Haydn Fleury Neal Pionk
Goaltenders
Starting : Malcolm Subban
Backup : Charlie Lindgren
Extra Forwards
Normal : Linden Vey, Logan Brown, Nicholas Baptiste - PP : Linden Vey, JT Compher - PK : Linden Vey
Extra Defensemen
Normal : Lucas Carlsson, Jeff Corbett, Neal Pionk - PP : Lucas Carlsson - PK : Lucas Carlsson, Neal Pionk
Penalty Shots
Colton Sissons, Aleksi Saarela, JT Compher, Linden Vey, Pavel Zacha
Scratches
Brycen Martin (Healthy), Henri Ikonen (Healthy), Jaden Lindo (Healthy), Jakob Forsbacka-Karlsson (Healthy), Radovan Bondra (Healthy)
Simon Bourque (Healthy), Tim Erixon (Strained Right Elbow Injury), Tobias Lindberg (Healthy), Zack MacEwen (Healthy), Otto Koivula (Healthy)
Jamie Phillips (Healthy)
Heat
5 vs 5 Forward
Center Left Wing Right Wing Time % Phy DF OF
1 Philip Varone Matthew Nieto Kevin Labanc 40 1 2 2
2 Victor Rask Jake DeBrusk Evgeny Svechnikov 30 1 2 2
3 Ryan Spooner Peter Cehlarik Barclay Goodrow 20 1 2 2
4 Nico Sturm Jesper Bratt Eric Karlsson 10 1 2 2
5 vs 5 Defense
Defense Defense Time % Phy DF OF
1 Frank Corrado Brandon Hickey 40 1 2 2
2 Dominik Masin Mathieu Brodeur 30 1 2 2
3 John Gilmour Petteri Lindbohm 20 1 2 2
4 Frank Corrado Petteri Lindbohm 10 1 2 2
PowerPlay Forward
Center Left Wing Right Wing Time % Phy DF OF
1 Victor Rask Matthew Nieto Kevin Labanc 60 1 2 2
2 Philip Varone Jake DeBrusk Evgeny Svechnikov 40 1 2 2
PowerPlay Defense
Defense Defense Time % Phy DF OF
1 Frank Corrado Brandon Hickey 60 1 2 2
2 Dominik Masin Mathieu Brodeur 40 1 2 2
Penalty Kill 4 Players Forward
Center Wing Time % Phy DF OF
1 Philip Varone Jake DeBrusk 60 1 2 2
2 Nico Sturm Evgeny Svechnikov 40 1 2 2
Penalty Kill 4 Players Defense
Defense Defense Time % Phy DF OF
1 Frank Corrado Brandon Hickey 60 1 2 2
2 Dominik Masin Mathieu Brodeur 40 1 2 2
Penalty Kill - 3 Players Forward
Forward Time % Phy DF OF
1 Matthew Nieto 60 1 2 2
2 Kevin Labanc 40 1 2 2
Penalty Kill - 3 Players Defense
Defense Defense Time % Phy DF OF
1 Frank Corrado Brandon Hickey 60 1 2 2
2 Dominik Masin Mathieu Brodeur 40 1 2 2
4 vs 4 Forward
Center Wing Time % Phy DF OF
1 Victor Rask Matthew Nieto 60 1 2 2
2 Philip Varone Kevin Labanc 40 1 2 2
4 vs 4 Defense
Defense Defense Time % Phy DF OF
1 Frank Corrado Brandon Hickey 60 1 2 2
2 Dominik Masin Mathieu Brodeur 40 1 2 2
Last Minutes Offensive
Center Left Wing Right Wing Defense Defense
Philip Varone Matthew Nieto Kevin Labanc Frank Corrado Brandon Hickey
Last Minutes Defensive
Center Left Wing Right Wing Defense Defense
Philip Varone Matthew Nieto Kevin Labanc Mathieu Brodeur Brandon Hickey
Goaltenders
Starting : Michael Hutchinson
Backup : Vitek Vanecek
Extra Forwards
Normal : Ryan Spooner, Nico Sturm, Peter Cehlarik - PP : Ryan Spooner, Nico Sturm - PK : Peter Cehlarik
Extra Defensemen
Normal : John Gilmour, Mathieu Brodeur, Dominik Masin - PP : John Gilmour - PK : Mathieu Brodeur, Dominik Masin
Penalty Shots
Matthew Nieto, Jake DeBrusk, Kevin Labanc, Evgeny Svechnikov, Victor Rask
Scratches
Alexander True (Healthy), Chris Brown (Healthy), Christian Jaros (Healthy), Greg Pateryn (Bruised Left Shoulder Injury), Rasmus Andersson (Broken Ribs Injury)
Ryan Donato (Healthy), Trevor Carrick (Healthy), Vladislav Kamenev (Healthy), Tage Thompson (Healthy), Radim Zohorna (Healthy)
Nathan Lieuwen (Healthy), Collin Delia (Healthy)
% Time on Ice - Marlies
Lines # - Real PCT - Wanted PCT - Time Play
Normal Forward
1 - 31% - 40% - 14:54
2 - 31% - 30% - 15:09
3 - 21% - 20% - 10:11
4 - 16% - 10% - 7:57
Normal Defense
1 - 36% - 40% - 17:12
2 - 36% - 30% - 17:22
3 - 23% - 20% - 11:16
4 - 5% - 10% - 2:21
PP Forward
1 - 77% - 60% - 2:48
2 - 23% - 40% - 0:49
PP Defense
1 - 82% - 60% - 2:59
2 - 18% - 40% - 0:38
PK Forward
1 - 77% - 60% - 6:17
2 - 23% - 40% - 1:55
PK Defense
1 - 55% - 60% - 4:30
2 - 45% - 40% - 3:42
PK3 Forward
1 - 0% - 60%
2 - 0% - 40%
PK3 Defense
1 - 0% - 60%
2 - 0% - 40%
44 Forward
1 - 0% - 60%
2 - 0% - 40%
44 Defense
1 - 0% - 60%
2 - 0% - 40%
Last Minute Offensive - 0:00
Last Minute Defensive - 0:00
Total
Forward - 60:00
Defense - 60:00
|
% Time on Ice - Heat
Lines # - Real PCT - Wanted PCT - Time Play
Normal Forward
1 - 34% - 40% - 16:23
2 - 29% - 30% - 13:44
3 - 21% - 20% - 10:16
4 - 16% - 10% - 7:48
Normal Defense
1 - 38% - 40% - 18:33
2 - 31% - 30% - 14:58
3 - 25% - 20% - 12:16
4 - 5% - 10% - 2:24
PP Forward
1 - 61% - 60% - 5:01
2 - 39% - 40% - 3:11
PP Defense
1 - 59% - 60% - 4:49
2 - 41% - 40% - 3:23
PK Forward
1 - 100% - 60% - 3:37
2 - 0% - 40% - 0:00
PK Defense
1 - 53% - 60% - 1:55
2 - 47% - 40% - 1:42
PK3 Forward
1 - 0% - 60%
2 - 0% - 40%
PK3 Defense
1 - 0% - 60%
2 - 0% - 40%
44 Forward
1 - 0% - 60%
2 - 0% - 40%
44 Defense
1 - 0% - 60%
2 - 0% - 40%
Last Minute Offensive - 0:00
Last Minute Defensive - 0:00
Total
Forward - 60:00
Defense - 60:00
|
Play-by-Play
1st period
0:01 of 1st period - Nick Ritchie wins face-off versus Philip Varone in neutral zone.
0:08 of 1st period - Snap shot by Kevin Labanc.
0:08 of 1st period - Shot Misses the Net.
0:16 of 1st period - Slapshot by Kevin Labanc.
0:16 of 1st period - Stopped by Malcolm Subban with a rebound.
0:30 of 1st period - Off-side.
0:31 of 1st period - Ryan Spooner wins face-off versus Aleksi Saarela in neutral zone.
0:37 of 1st period - Slapshot by Dominik Masin.
0:37 of 1st period - Stopped by Malcolm Subban without a rebound.
0:38 of 1st period - Ryan Spooner wins face-off versus Colton Sissons in Marlies zone.
0:47 of 1st period - Wrist shot by Barclay Goodrow.
0:47 of 1st period - Stopped by Malcolm Subban without a rebound.
0:48 of 1st period - Colton Sissons wins face-off versus Nico Sturm in Marlies zone.
0:48 of 1st period - Colton Sissons is hit by Eric Karlsson.
0:54 of 1st period - Snap shot by Linden Vey.
0:54 of 1st period - Shot Hit the Post.
1:14 of 1st period - Victor Rask is hit by Lucas Carlsson and loses puck.
1:35 of 1st period - Snap shot by Kevin Labanc.
1:35 of 1st period - Shot Misses the Net.
2:13 of 1st period - Lucas Carlsson is hit by Victor Rask and loses puck.
3:03 of 1st period - Snap shot by Jesper Bratt.
3:03 of 1st period - Deflect By Nico Sturm.
3:03 of 1st period - Stopped by Malcolm Subban with a rebound.
3:07 of 1st period - Slapshot by Jesper Bratt.
3:07 of 1st period - Shot Blocked by Mathieu Olivier.
3:39 of 1st period - Wrist shot by Nicholas Baptiste.
3:39 of 1st period - Stopped by Michael Hutchinson with a rebound.
3:41 of 1st period - Slapshot by Haydn Fleury.
3:41 of 1st period - Stopped by Michael Hutchinson with a rebound.
3:43 of 1st period - Slapshot by Neal Pionk.
3:43 of 1st period - Deflect By Frank Corrado.
3:43 of 1st period - Stopped by Michael Hutchinson with a rebound.
3:45 of 1st period - Snap shot by Pavel Zacha.
3:45 of 1st period - Stopped by Michael Hutchinson with a rebound.
3:59 of 1st period - Slapshot by Johan Larsson.
3:59 of 1st period - Stopped by Michael Hutchinson with a rebound.
4:05 of 1st period - Slapshot by Linden Vey.
4:05 of 1st period - Stopped by Michael Hutchinson without a rebound.
4:06 of 1st period - Philip Varone wins face-off versus Pavel Zacha in Heat zone.
4:39 of 1st period - Dominik Masin is hit by Jeff Corbett and loses puck.
5:10 of 1st period - Icing by Johan Larsson.
5:11 of 1st period - Nico Sturm wins face-off versus Colton Sissons in Marlies zone.
5:14 of 1st period - Snap shot by Philip Varone.
5:14 of 1st period - Stopped by Malcolm Subban with a rebound.
5:22 of 1st period - Snap shot by Kevin Labanc.
5:22 of 1st period - Shot Misses the Net.
5:24 of 1st period - Slapshot by Kevin Labanc.
5:24 of 1st period - Shot Misses the Net.
5:26 of 1st period - Snap shot by Kevin Labanc.
5:26 of 1st period - Stopped by Malcolm Subban without a rebound.
5:27 of 1st period - Victor Rask wins face-off versus Pavel Zacha in Marlies zone.
5:58 of 1st period - Off-side.
5:59 of 1st period - Philip Varone wins face-off versus Aleksi Saarela in neutral zone.
6:02 of 1st period - Tyler Bertuzzi is hit by Philip Varone and loses puck.
6:55 of 1st period - Snap shot by Evgeny Svechnikov.
6:55 of 1st period - Shot Misses the Net.
7:18 of 1st period - Snap shot by Linden Vey.
7:18 of 1st period - Shot Misses the Net.
7:51 of 1st period - Off-side.
7:52 of 1st period - Ryan Spooner wins face-off versus Pavel Zacha in neutral zone.
9:00 of 1st period - Nico Sturm is hit by Colton Sissons.
9:01 of 1st period - Nico Sturm from Heat is injured at 9:01 of 1st period (Back Spasms).
9:02 of 1st period - Pavel Zacha wins face-off versus Philip Varone in Heat zone.
9:13 of 1st period - Snap shot by Matthew Nieto.
9:13 of 1st period - Deflect By Philip Varone.
9:13 of 1st period - Shot Misses the Net.
9:13 of 1st period - Puck is out of play.
9:14 of 1st period - Philip Varone wins face-off versus Pavel Zacha in Marlies zone.
9:41 of 1st period - Jake DeBrusk is hit by Tyler Bertuzzi and loses puck.
9:49 of 1st period - Minor Penalty to Aleksi Saarela for Interference.
9:50 of 1st period - Colton Sissons wins face-off versus Victor Rask in Marlies zone.
9:50 of 1st period - Colton Sissons is hit by Frank Corrado.
10:25 of 1st period - Wrist shot by Jake DeBrusk.
10:25 of 1st period - Shot Misses the Net.
10:27 of 1st period - Wrist shot by Dominik Masin.
10:27 of 1st period - Deflect By Tyler Bertuzzi.
10:27 of 1st period - Stopped by Malcolm Subban with a rebound.
10:57 of 1st period - Slapshot by Brett Pesce.
10:57 of 1st period - Stopped by Michael Hutchinson with a rebound.
11:27 of 1st period - Neal Pionk is hit by Philip Varone and loses puck.
11:49 of 1st period - Penalty to Aleksi Saarela is over, Aleksi Saarela is back on ice.
12:00 of 1st period - Brett Pesce is hit by Eric Karlsson and loses puck.
12:15 of 1st period - Peter Cehlarik is hit by Colton Sissons and loses puck.
12:46 of 1st period - Slapshot by Jeff Corbett.
12:46 of 1st period - Shot Blocked by Frank Corrado.
13:29 of 1st period - Snap shot by Linden Vey.
13:29 of 1st period - Stopped by Michael Hutchinson with a rebound.
13:57 of 1st period - Petteri Lindbohm is hit by Haydn Fleury and loses puck.
14:28 of 1st period - Johan Larsson is hit by Peter Cehlarik and loses puck.
15:16 of 1st period - Minor Penalty to Dennis Gilbert for Slashing.
15:17 of 1st period - Colton Sissons wins face-off versus Kevin Labanc in Marlies zone.
17:07 of 1st period - Mathieu Brodeur is hit by Pavel Zacha and loses puck.
17:16 of 1st period - Penalty to Dennis Gilbert is over, Dennis Gilbert is back on ice.
17:32 of 1st period - Snap shot by Peter Cehlarik.
17:32 of 1st period - Deflect By Ryan Spooner.
17:32 of 1st period - Shot Misses the Net.
17:32 of 1st period - Puck is out of play.
17:33 of 1st period - Eric Karlsson wins face-off versus Tyler Benson in Marlies zone.
17:42 of 1st period - Tyler Benson is hit by Eric Karlsson and loses puck.
18:17 of 1st period - Wrist shot by Colton Sissons.
18:17 of 1st period - Stopped by Michael Hutchinson with a rebound.
18:19 of 1st period - Slapshot by Colton Sissons.
18:19 of 1st period - Stopped by Michael Hutchinson without a rebound.
18:20 of 1st period - Colton Sissons wins face-off versus Philip Varone in Heat zone.
18:21 of 1st period - Backhand shot by Johan Larsson.
18:21 of 1st period - Shot Misses the Net.
18:27 of 1st period - Snap shot by Matthew Nieto.
18:27 of 1st period - Shot Blocked by Haydn Fleury.
18:29 of 1st period - Wrist shot by Philip Varone.
18:29 of 1st period - Stopped by Malcolm Subban without a rebound.
18:30 of 1st period - Philip Varone wins face-off versus JT Compher in Marlies zone.
18:44 of 1st period - Wrist shot by JT Compher.
18:44 of 1st period - Stopped by Michael Hutchinson without a rebound.
18:45 of 1st period - Victor Rask wins face-off versus Pavel Zacha in Heat zone.
18:52 of 1st period - Snap shot by Jake DeBrusk.
18:52 of 1st period - Stopped by Malcolm Subban with a rebound.
19:55 of 1st period - Wrist shot by Jesper Bratt.
19:55 of 1st period - Shot Blocked by Mathieu Olivier.
Goals for this period are 0 for Marlies vs 0 for Heat.
Shots for this period are 11 for Marlies vs 9 for Heat.
2nd period
0:01 of 2nd period - Pavel Zacha wins face-off versus Philip Varone in neutral zone.
0:12 of 2nd period - Slapshot by Neal Pionk.
0:12 of 2nd period - Stopped by Michael Hutchinson with a rebound.
0:38 of 2nd period - Snap shot by Tyler Bertuzzi.
0:38 of 2nd period - Stopped by Michael Hutchinson with a rebound.
0:40 of 2nd period - Wrist shot by JT Compher.
0:40 of 2nd period - Stopped by Michael Hutchinson with a rebound.
0:42 of 2nd period - Slapshot by Jeff Corbett.
0:42 of 2nd period - Stopped by Michael Hutchinson without a rebound.
0:43 of 2nd period - Ryan Spooner wins face-off versus Colton Sissons in Heat zone.
1:08 of 2nd period - Tyler Bertuzzi is hit by Kevin Labanc and loses puck.
1:17 of 2nd period - Wrist shot by Philip Varone.
1:17 of 2nd period - Shot Blocked by Neal Pionk.
1:19 of 2nd period - Slapshot by Brandon Hickey.
1:19 of 2nd period - Deflect By Kevin Labanc.
1:19 of 2nd period - Stopped by Malcolm Subban with a rebound.
1:21 of 2nd period - Wrist shot by Matthew Nieto.
1:21 of 2nd period - Shot Misses the Net.
1:33 of 2nd period - John Gilmour is hit by Haydn Fleury and loses puck.
1:58 of 2nd period - Snap shot by Linden Vey.
1:58 of 2nd period - Shot Blocked by Eric Karlsson.
2:10 of 2nd period - Wrist shot by Philip Varone.
2:10 of 2nd period - Deflect By Jeff Corbett.
2:10 of 2nd period - Stopped by Malcolm Subban without a rebound.
2:11 of 2nd period - Logan Brown wins face-off versus Philip Varone in Marlies zone.
2:36 of 2nd period - Philip Varone is hit by Haydn Fleury and loses puck.
4:48 of 2nd period - Slapshot by Mathieu Olivier.
4:48 of 2nd period - Deflect By Logan Brown.
4:48 of 2nd period - Stopped by Michael Hutchinson with a rebound.
4:50 of 2nd period - Wrist shot by Logan Brown.
4:50 of 2nd period - Shot Misses the Net.
4:52 of 2nd period - Snap shot by Tyler Benson.
4:52 of 2nd period - Stopped by Michael Hutchinson without a rebound.
4:53 of 2nd period - Victor Rask wins face-off versus Pavel Zacha in Heat zone.
5:18 of 2nd period - Frank Corrado is hit by Colton Sissons and loses puck.
5:27 of 2nd period - Wrist shot by Peter Cehlarik.
5:27 of 2nd period - Shot Blocked by Colton Sissons.
5:29 of 2nd period - Snap shot by Brandon Hickey.
5:29 of 2nd period - Stopped by Malcolm Subban without a rebound.
5:30 of 2nd period - Philip Varone wins face-off versus Nicholas Baptiste in Marlies zone.
5:41 of 2nd period - Slapshot by Pavel Zacha.
5:41 of 2nd period - Stopped by Michael Hutchinson with a rebound.
5:43 of 2nd period - Wrist shot by Pavel Zacha.
5:43 of 2nd period - Shot Blocked by Petteri Lindbohm.
5:45 of 2nd period - Snap shot by Nicholas Baptiste.
5:45 of 2nd period - Deflect By Matthew Nieto.
5:45 of 2nd period - Stopped by Michael Hutchinson with a rebound.
6:10 of 2nd period - John Gilmour is hit by Tyler Bertuzzi and loses puck.
6:24 of 2nd period - Minor Penalty to Brett Pesce for Holding Stick.
6:25 of 2nd period - Colton Sissons wins face-off versus Victor Rask in Marlies zone.
6:25 of 2nd period - Colton Sissons is hit by Kevin Labanc.
6:38 of 2nd period - Slapshot by Kevin Labanc.
6:38 of 2nd period - Stopped by Malcolm Subban with a rebound.
6:40 of 2nd period - Slapshot by Brandon Hickey.
6:40 of 2nd period - Goal by Brandon Hickey - Marlies : 0 - Heat : 1.
6:41 of 2nd period - Philip Varone wins face-off versus Pavel Zacha in neutral zone.
7:20 of 2nd period - Snap shot by Jake DeBrusk.
7:20 of 2nd period - Shot Blocked by Haydn Fleury.
7:40 of 2nd period - Slapshot by Barclay Goodrow.
7:40 of 2nd period - Stopped by Malcolm Subban with a rebound.
7:50 of 2nd period - Slapshot by Haydn Fleury.
7:50 of 2nd period - Stopped by Michael Hutchinson with a rebound.
8:29 of 2nd period - Off-side.
8:30 of 2nd period - Victor Rask wins face-off versus Aleksi Saarela in neutral zone.
8:35 of 2nd period - Wrist shot by Victor Rask.
8:35 of 2nd period - Shot Misses the Net.
8:37 of 2nd period - Slapshot by Jake DeBrusk.
8:37 of 2nd period - Shot Blocked by Jeff Corbett.
8:41 of 2nd period - Snap shot by Evgeny Svechnikov.
8:41 of 2nd period - Stopped by Malcolm Subban with a rebound.
8:43 of 2nd period - Slapshot by Brandon Hickey.
8:43 of 2nd period - Stopped by Malcolm Subban without a rebound.
8:44 of 2nd period - Pavel Zacha wins face-off versus Victor Rask in Marlies zone.
8:44 of 2nd period - Pavel Zacha is hit by Evgeny Svechnikov.
9:35 of 2nd period - Ryan Spooner is hit by Linden Vey and loses puck.
9:51 of 2nd period - Off-side.
9:52 of 2nd period - Logan Brown wins face-off versus Victor Rask in neutral zone.
10:01 of 2nd period - Slapshot by Victor Rask.
10:01 of 2nd period - Stopped by Malcolm Subban without a rebound.
10:02 of 2nd period - Philip Varone wins face-off versus Pavel Zacha in Marlies zone.
10:17 of 2nd period - Dennis Gilbert is hit by Philip Varone and loses puck.
10:32 of 2nd period - Snap shot by Ryan Spooner.
10:32 of 2nd period - Stopped by Malcolm Subban without a rebound.
10:33 of 2nd period - Aleksi Saarela wins face-off versus Ryan Spooner in Marlies zone.
10:42 of 2nd period - Slapshot by Neal Pionk.
10:42 of 2nd period - Shot Blocked by Ryan Spooner.
11:07 of 2nd period - Slapshot by Tyler Bertuzzi.
11:07 of 2nd period - Shot Misses the Net.
11:09 of 2nd period - Snap shot by Aleksi Saarela.
11:09 of 2nd period - Shot Blocked by Frank Corrado.
11:25 of 2nd period - Wrist shot by JT Compher.
11:25 of 2nd period - Stopped by Michael Hutchinson without a rebound.
11:26 of 2nd period - Philip Varone wins face-off versus Pavel Zacha in Heat zone.
11:28 of 2nd period - Minor Penalty to Philip Varone for Holding.
11:29 of 2nd period - Colton Sissons wins face-off versus Peter Cehlarik in Heat zone.
12:05 of 2nd period - Snap shot by Neal Pionk.
12:05 of 2nd period - Shot Misses the Net.
12:07 of 2nd period - Slapshot by Tyler Bertuzzi.
12:07 of 2nd period - Stopped by Michael Hutchinson without a rebound.
12:08 of 2nd period - Ryan Spooner wins face-off versus Aleksi Saarela in Heat zone.
12:35 of 2nd period - Ryan Spooner is hit by Colton Sissons and loses puck.
13:22 of 2nd period - Haydn Fleury is hit by Peter Cehlarik and loses puck.
13:28 of 2nd period - Penalty to Philip Varone is over, Philip Varone is back on ice.
13:50 of 2nd period - Slapshot by Neal Pionk.
13:50 of 2nd period - Stopped by Michael Hutchinson with a rebound.
13:52 of 2nd period - Slapshot by Neal Pionk.
13:52 of 2nd period - Deflect By Mathieu Brodeur.
13:52 of 2nd period - Marlies goal is going for a video replay.
13:52 of 2nd period - The goal is refused. The attacking player has interfered with a goalkeeper in his goal crease..
13:53 of 2nd period - Victor Rask wins face-off versus Aleksi Saarela in Heat zone.
13:53 of 2nd period - Victor Rask is hit by Aleksi Saarela.
14:04 of 2nd period - Off-side.
14:05 of 2nd period - Philip Varone wins face-off versus Aleksi Saarela in neutral zone.
14:19 of 2nd period - Wrist shot by Aleksi Saarela.
14:19 of 2nd period - Stopped by Michael Hutchinson with a rebound.
14:21 of 2nd period - Slapshot by Brett Pesce.
14:21 of 2nd period - Deflect By Aleksi Saarela.
14:21 of 2nd period - Stopped by Michael Hutchinson with a rebound.
14:31 of 2nd period - Logan Brown is hit by Jake DeBrusk.
14:55 of 2nd period - Lucas Carlsson is hit by Ryan Spooner and loses puck.
15:02 of 2nd period - Backhand shot by Peter Cehlarik.
15:02 of 2nd period - Shot Misses the Net.
15:16 of 2nd period - Slapshot by JT Compher.
15:16 of 2nd period - Stopped by Michael Hutchinson with a rebound.
15:18 of 2nd period - Snap shot by Dennis Gilbert.
15:18 of 2nd period - Stopped by Michael Hutchinson with a rebound.
15:20 of 2nd period - Wrist shot by Tyler Bertuzzi.
15:20 of 2nd period - Shot Misses the Net.
15:22 of 2nd period - Snap shot by Dennis Gilbert.
15:22 of 2nd period - Deflect By Tyler Bertuzzi.
15:22 of 2nd period - Goal by Tyler Bertuzzi - Marlies : 1 - Heat : 1.
15:23 of 2nd period - Philip Varone wins face-off versus Pavel Zacha in neutral zone.
15:23 of 2nd period - Frank Corrado is hit by Haydn Fleury and loses puck.
15:54 of 2nd period - Off-side.
15:55 of 2nd period - Aleksi Saarela wins face-off versus Victor Rask in neutral zone.
15:58 of 2nd period - Jake DeBrusk is hit by Tyler Bertuzzi.
16:07 of 2nd period - Minor Penalty to Jake DeBrusk for Roughing.
16:08 of 2nd period - Peter Cehlarik wins face-off versus Colton Sissons in Heat zone.
17:35 of 2nd period - Wrist shot by Colton Sissons.
17:35 of 2nd period - Shot Misses the Net.
17:37 of 2nd period - Slapshot by Neal Pionk.
17:37 of 2nd period - Shot Blocked by Mathieu Brodeur.
17:39 of 2nd period - Snap shot by Haydn Fleury.
17:39 of 2nd period - Deflect By Mathieu Brodeur.
17:39 of 2nd period - Stopped by Michael Hutchinson with a rebound.
17:41 of 2nd period - Wrist shot by Nick Ritchie.
17:41 of 2nd period - Shot Blocked by Ryan Spooner.
17:43 of 2nd period - Snap shot by Nicholas Baptiste.
17:43 of 2nd period - Shot Misses the Net.
17:45 of 2nd period - Slapshot by Nick Ritchie.
17:45 of 2nd period - Goal by Nick Ritchie - Marlies : 2 - Heat : 1.
17:46 of 2nd period - Aleksi Saarela wins face-off versus Philip Varone in neutral zone.
17:49 of 2nd period - Slapshot by Brett Pesce.
17:49 of 2nd period - Shot Misses the Net.
18:12 of 2nd period - Frank Corrado is hit by Tyler Benson and loses puck.
18:19 of 2nd period - Logan Brown is hit by Philip Varone and loses puck.
19:00 of 2nd period - Wrist shot by Kevin Labanc.
19:00 of 2nd period - Shot Blocked by Tyler Benson.
19:18 of 2nd period - Wrist shot by Logan Brown.
19:18 of 2nd period - Goal by Logan Brown - Marlies : 3 - Heat : 1.
19:19 of 2nd period - Victor Rask wins face-off versus Aleksi Saarela in neutral zone.
19:59 of 2nd period - Slapshot by Neal Pionk.
19:59 of 2nd period - Shot Blocked by Dominik Masin.
Goals for this period are 3 for Marlies vs 1 for Heat.
Shots for this period are 21 for Marlies vs 10 for Heat.
3rd period
0:01 of 3rd period - Philip Varone wins face-off versus Pavel Zacha in neutral zone.
0:06 of 3rd period - Nick Ritchie is hit by Matthew Nieto and loses puck.
1:18 of 3rd period - Slapshot by Pavel Zacha.
1:18 of 3rd period - Shot Blocked by Dominik Masin.
1:47 of 3rd period - Off-side.
1:48 of 3rd period - Victor Rask wins face-off versus Aleksi Saarela in neutral zone.
1:55 of 3rd period - Snap shot by Victor Rask.
1:55 of 3rd period - Shot Misses the Net.
2:04 of 3rd period - Minor Penalty to Neal Pionk for Hooking.
2:05 of 3rd period - Colton Sissons wins face-off versus Victor Rask in Marlies zone.
2:05 of 3rd period - Colton Sissons is hit by Matthew Nieto.
3:24 of 3rd period - Wrist shot by Kevin Labanc.
3:24 of 3rd period - Shot Misses the Net.
3:26 of 3rd period - Wrist shot by Brandon Hickey.
3:26 of 3rd period - Shot Misses the Net.
3:28 of 3rd period - Slapshot by Frank Corrado.
3:28 of 3rd period - Shot Blocked by Brett Pesce.
3:30 of 3rd period - Snap shot by Kevin Labanc.
3:30 of 3rd period - Stopped by Malcolm Subban without a rebound.
3:31 of 3rd period - Colton Sissons wins face-off versus Philip Varone in Marlies zone.
3:31 of 3rd period - Colton Sissons is hit by Jake DeBrusk.
4:04 of 3rd period - Penalty to Neal Pionk is over, Neal Pionk is back on ice.
4:16 of 3rd period - Wrist shot by Ryan Spooner.
4:16 of 3rd period - Shot Misses the Net.
4:18 of 3rd period - Wrist shot by Barclay Goodrow.
4:18 of 3rd period - Shot Misses the Net.
4:20 of 3rd period - Slapshot by Barclay Goodrow.
4:20 of 3rd period - Shot Misses the Net.
4:32 of 3rd period - Nicholas Baptiste is hit by Philip Varone and loses puck.
4:52 of 3rd period - Mathieu Olivier is hit by Peter Cehlarik and loses puck.
6:30 of 3rd period - Frank Corrado is hit by Jeff Corbett and loses puck.
7:18 of 3rd period - Neal Pionk is hit by Eric Karlsson and loses puck.
7:28 of 3rd period - Icing by Aleksi Saarela.
7:29 of 3rd period - Victor Rask wins face-off versus Aleksi Saarela in Marlies zone.
7:30 of 3rd period - Slapshot by Jake DeBrusk.
7:30 of 3rd period - Stopped by Malcolm Subban with a rebound.
7:32 of 3rd period - Wrist shot by Petteri Lindbohm.
7:32 of 3rd period - Stopped by Malcolm Subban without a rebound.
7:33 of 3rd period - Victor Rask wins face-off versus Aleksi Saarela in Marlies zone.
7:56 of 3rd period - John Gilmour is hit by Nick Ritchie and loses puck.
8:42 of 3rd period - Snap shot by JT Compher.
8:42 of 3rd period - Stopped by Michael Hutchinson without a rebound.
8:43 of 3rd period - Victor Rask wins face-off versus Pavel Zacha in Heat zone.
8:50 of 3rd period - Victor Rask is hit by Nick Ritchie and loses puck.
9:09 of 3rd period - Ryan Spooner is hit by Tyler Bertuzzi.
10:10 of 3rd period - Snap shot by Jake DeBrusk.
10:10 of 3rd period - Stopped by Malcolm Subban without a rebound.
10:11 of 3rd period - Pavel Zacha wins face-off versus Victor Rask in Marlies zone.
10:36 of 3rd period - Wrist shot by Kevin Labanc.
10:36 of 3rd period - Shot Blocked by Brett Pesce.
10:38 of 3rd period - Slapshot by Frank Corrado.
10:38 of 3rd period - Deflect By Tyler Bertuzzi.
10:38 of 3rd period - Stopped by Malcolm Subban without a rebound.
10:39 of 3rd period - Philip Varone wins face-off versus Aleksi Saarela in Marlies zone.
10:40 of 3rd period - Snap shot by Matthew Nieto.
10:40 of 3rd period - Stopped by Malcolm Subban with a rebound.
11:02 of 3rd period - Neal Pionk is hit by Matthew Nieto and loses puck.
11:09 of 3rd period - Slapshot by Aleksi Saarela.
11:09 of 3rd period - Deflect By Tyler Bertuzzi.
11:09 of 3rd period - Stopped by Michael Hutchinson without a rebound.
11:10 of 3rd period - Victor Rask wins face-off versus Pavel Zacha in Heat zone.
11:40 of 3rd period - Off-side.
11:41 of 3rd period - Philip Varone wins face-off versus Aleksi Saarela in neutral zone.
11:47 of 3rd period - Wrist shot by Kevin Labanc.
11:47 of 3rd period - Shot Blocked by Haydn Fleury.
11:49 of 3rd period - Slapshot by John Gilmour.
11:49 of 3rd period - Shot Misses the Net.
11:51 of 3rd period - Snap shot by Kevin Labanc.
11:51 of 3rd period - Stopped by Malcolm Subban without a rebound.
11:52 of 3rd period - Philip Varone wins face-off versus Pavel Zacha in Marlies zone.
12:53 of 3rd period - Snap shot by Jake DeBrusk.
12:53 of 3rd period - Shot Misses the Net.
13:27 of 3rd period - Snap shot by Pavel Zacha.
13:27 of 3rd period - Deflect By Nick Ritchie.
13:27 of 3rd period - Stopped by Michael Hutchinson with a rebound.
13:49 of 3rd period - Slapshot by Mathieu Brodeur.
13:49 of 3rd period - Shot Misses the Net.
13:51 of 3rd period - Backhand shot by Dominik Masin.
13:51 of 3rd period - Shot Blocked by Haydn Fleury.
14:07 of 3rd period - Wrist shot by Ryan Spooner.
14:07 of 3rd period - Shot Misses the Net.
14:25 of 3rd period - Snap shot by JT Compher.
14:25 of 3rd period - Stopped by Michael Hutchinson with a rebound.
14:34 of 3rd period - Icing by Neal Pionk.
14:35 of 3rd period - Pavel Zacha wins face-off versus Peter Cehlarik in Marlies zone.
14:59 of 3rd period - Wrist shot by Jake DeBrusk.
14:59 of 3rd period - Shot Misses the Net.
15:01 of 3rd period - Slapshot by Frank Corrado.
15:01 of 3rd period - Shot Blocked by JT Compher.
15:03 of 3rd period - Snap shot by Jake DeBrusk.
15:03 of 3rd period - Stopped by Malcolm Subban with a rebound.
15:05 of 3rd period - Snap shot by Victor Rask.
15:05 of 3rd period - Shot Misses the Net.
15:07 of 3rd period - Backhand shot by Evgeny Svechnikov.
15:07 of 3rd period - Stopped by Malcolm Subban without a rebound.
15:08 of 3rd period - Johan Larsson wins face-off versus Philip Varone in Marlies zone.
15:19 of 3rd period - Wrist shot by Kevin Labanc.
15:19 of 3rd period - Shot Blocked by Johan Larsson.
15:21 of 3rd period - Slapshot by Dominik Masin.
15:21 of 3rd period - Shot Misses the Net.
15:23 of 3rd period - Slapshot by Dominik Masin.
15:23 of 3rd period - Deflect By Philip Varone.
15:23 of 3rd period - Stopped by Malcolm Subban with a rebound.
16:02 of 3rd period - Snap shot by Jesper Bratt.
16:02 of 3rd period - Shot Blocked by Colton Sissons.
16:04 of 3rd period - Minor Penalty to Jeff Corbett for Roughing.
16:05 of 3rd period - Colton Sissons wins face-off versus Victor Rask in Marlies zone.
17:34 of 3rd period - Wrist shot by Johan Larsson.
17:34 of 3rd period - Stopped by Michael Hutchinson with a rebound.
17:49 of 3rd period - Off-side.
17:50 of 3rd period - Linden Vey wins face-off versus Victor Rask in neutral zone.
18:04 of 3rd period - Penalty to Jeff Corbett is over, Jeff Corbett is back on ice.
18:17 of 3rd period - Snap shot by Ryan Spooner.
18:17 of 3rd period - Shot Misses the Net.
18:19 of 3rd period - Wrist shot by Frank Corrado.
18:19 of 3rd period - Stopped by Malcolm Subban with a rebound.
18:21 of 3rd period - Wrist shot by Peter Cehlarik.
18:21 of 3rd period - Stopped by Malcolm Subban with a rebound.
18:23 of 3rd period - Snap shot by Ryan Spooner.
18:23 of 3rd period - Shot Misses the Net.
18:33 of 3rd period - Aleksi Saarela is hit by Evgeny Svechnikov and loses puck.
18:53 of 3rd period - Icing by Petteri Lindbohm.
18:54 of 3rd period - Colton Sissons wins face-off versus Philip Varone in Heat zone.
Goals for this period are 0 for Marlies vs 0 for Heat.
Shots for this period are 5 for Marlies vs 12 for Heat.